 Dungeon Crawl Stone Soup version 0.22-a0-348-gd16d139 (webtiles) character file.

506958 grindst0ne the Gnoll Aeon (level 25, -6/256 HPs)
             Began as a Gnoll Transmuter on Apr 9, 2018.
             Was the Champion of Cheibriados.
             Mangled by a deep troll earth mage (16 damage)
             ... while paralysed by a vampire knight
             ... on level 5 of the Depths on Apr 10, 2018.
             The game lasted 02:54:08 (42898 turns).

grindst0ne the Gnoll Aeon (Gnoll Transmuter)       Turns: 42898, Time: 02:54:09

Health: -6/256     AC: 45    Str: 30    XL:     25   Next: 39%
Magic:  38/43      EV:  2    Int: 35    God:    Cheibriados [******]
Gold:   3567       SH:  0    Dex: 38    Spells: 9/57 levels left

rFire    . . .     SeeInvis +     - Unarmed
rCold    + . .     Gourm    .   E - +2 buckler {rC+}
rNeg     + . .     Faith    .   (armour currently unavailable)
rPois    ∞         Spirit   .   D - +1 helmet
rElec    +         Reflect  .   p - +1 cloak {MR+}
rCorr    .         Harm     .   (gloves currently unavailable)
MR       ++...                  (boots currently unavailable)
Stlth    ++++++++..             T - amulet of Ru's Pride {Regen+ Slay+3}
HPRegen  0.92/turn              F - +5 ring of protection
MPRegen  0.28/turn              h - ring "Goamil" {*Contam rElec Dex+2 SInv}

@: paralysed, statue-form, very slow
A: distributed training, fangs 1, strong nose
}: 2/15 runes: serpentine, barnacled
a: End Transformation, Bend Time, Temporal Distortion, Slouch, Step From Time,
Renounce Religion


You were on level 5 of the Depths.
You worshipped Cheibriados.
Cheibriados was exalted by your worship.
You were not hungry.
You were a stone statue.
You visited 8 branches of the dungeon, and saw 41 of its levels.
You visited 1 bazaar.
You also visited: Labyrinth, Ice Cave and Volcano.

You collected 5061 gold pieces.
You spent 1494 gold pieces at shops.

Inventory:

Hand Weapons
 C - the +3 Elemental Staff {rElec rF++ rC++ MR++ AC+5}
   (You found it on level 3 of the Depths)

   It affects your AC (+5).
   It greatly protects you from fire.
   It greatly protects you from cold.
   It insulates you from electricity.
   It affects your resistance to hostile enchantments.
Missiles
 i - 10 throwing nets (quivered)
Armour
 b - +0 gold dragon scales
 p - a +1 cloak of magic resistance (worn)
 t - the +1 pair of gloves of Dishonesty (melded) {rPois rCorr Str-5 Int+6}
   (You found it in an ice cave)

   It affects your strength (-5).
   It affects your intelligence (+6).
   It protects you from poison.
   It protects you from acid and corrosion.
 y - a +0 pair of boots (melded)
 D - a +1 helmet (worn)
 E - a +2 buckler of cold resistance (worn)
 M - a +2 robe of the Archmagi (melded)
 V - a +2 crystal plate armour of cold resistance
Jewellery
 h - the ring "Goamil" (right hand) {*Contam rElec Dex+2 SInv}
   (You acquired it on level 15 of the Dungeon)

   [ring of see invisible]

   It affects your dexterity (+2).
   It insulates you from electricity.
   It lets you see invisible.
   It causes magical contamination when unequipped.
 F - a +5 ring of protection (left hand)
 I - an uncursed ring of positive energy
 K - an uncursed ring of protection from fire
 T - the amulet of Ru's Pride (around neck) {Regen+ Slay+3}
   (You acquired it on level 3 of the Lair of Beasts)

   [amulet of regeneration]

   It affects your accuracy and damage with ranged weapons and melee attacks
   (+3).
   It increases your rate of regeneration.
Wands
 e - a wand of clouds (7)
 g - a wand of iceblast (37)
 l - a wand of acid (5)
 q - a wand of scattershot (10)
 u - a wand of disintegration (26)
 x - a wand of digging (28)
Scrolls
 c - 22 scrolls of remove curse
 j - 7 scrolls of amnesia
 m - 5 scrolls of teleportation
 o - 3 scrolls of brand weapon
 v - 4 scrolls of blinking
 A - 5 scrolls of enchant armour
 G - a scroll of summoning
 H - 4 scrolls of fog
 P - 6 scrolls of fear
 R - 4 scrolls of identify
 U - 4 scrolls of enchant weapon
 X - 2 scrolls of holy word
 Z - 6 scrolls of magic mapping
Potions
 a - a potion of magic
 f - 7 potions of brilliance
 n - 6 potions of heal wounds
 w - 4 potions of mutation
 z - 18 potions of curing
 J - 10 potions of agility
 L - 2 potions of invisibility
 O - 2 potions of might
 W - 3 potions of ambrosia
Miscellaneous
 k - a phial of floods
 s - a box of beasts
 Q - a lamp of fire
 S - 3 sacks of spiders
 Y - 3 phantom mirrors
Comestibles
 d - 71 rations


   Skills:
 + Level 16.2 Fighting
 + Level 16.0 Short Blades
 + Level 16.0 Long Blades
 + Level 16.0 Axes
 + Level 16.0 Maces & Flails
 + Level 16.0 Polearms
 + Level 16.0 Staves
 + Level 16.0 Slings
 + Level 16.0 Bows
 + Level 16.0 Crossbows
 + Level 16.0 Throwing
 + Level 16.0 Armour
 + Level 16.5 Dodging
 + Level 16.0 Stealth
 + Level 16.0 Shields
 + Level 17.0 Unarmed Combat
 + Level 16.6 Spellcasting
 + Level 13.8 Conjurations
 + Level 13.8 Hexes
 + Level 13.8 Charms
 + Level 13.8 Summonings
 + Level 13.8 Necromancy
 + Level 13.8 Translocations
 + Level 14.2 Transmutations
 + Level 13.8 Fire Magic
 + Level 13.8 Ice Magic
 + Level 13.8 Air Magic
 + Level 13.8 Earth Magic
 + Level 13.8 Poison Magic
 + Level 17.2 Invocations
 + Level 16.0 Evocations


You had 9 spell levels left.
You knew the following spells:

 Your Spells              Type           Power        Failure   Level  Hunger
a - Beastly Appendage     Tmut           ######       0%          1    None
b - Sticks to Snakes      Tmut           #######.     0%          2    None
c - Spider Form           Tmut/Pois      #######...   0%          3    None
d - Blade Hands           Tmut           #######...   1%          5    None
e - Ozocubu's Armour      Chrm/Ice       #######.     0%          3    None
f - Summon Ice Beast      Ice/Summ       #######.     1%          4    None
g - Summon Lightning Spi  Summ/Air       #######.     1%          4    None
h - Blink                 Tloc           N/A          0%          2    None
i - Statue Form           Tmut/Erth      #######..    1%          6    None
j - Ice Form              Ice/Tmut       #######.     1%          4    None
k - Irradiate             Conj/Tmut      #######...   1%          5    None
l - Lesser Beckoning      Tloc           #######...   0%          3    None
m - Death Channel         Necr           #######...   1%          6    None


Dungeon Overview and Level Annotations

Branches:
Dungeon (15/15)            Temple (1/1) D:4            Lair (6/6) D:10
 Shoals (4/4) Lair:2        Snake (4/4) Lair:2        Slime (0/5) Lair:5
    Orc (2/2) D:10            Elf (0/3) Orc:2        Vaults (4/5) D:13
  Crypt (0/3) Vaults:2     Depths (5/5) D:15
    Zot: Depths:5

Altars:
Ashenzari
Cheibriados
Elyvilon
Gozag
Hepliaklqana
Kikubaaqudgha
Makhleb
Okawaru
Qazlal
Ru
Sif Muna
Trog
Wu Jian
Yredelemnul

Shops:
D:4 [   D:9 =   Orc:2 *%[(   Shoals:1 ?   Snake:3 *   Vaults:2 ![!

Portals:
Hell: Depths:1 Depths:2 Depths:3 Depths:4
Abyss: Depths:3
Pandemonium: Depths:3
Ziggurat: Depths:2
Trove: Depths:4 (give +4 shadow dragon scales)


Innate Abilities, Weirdness & Mutations

Your experience applies equally to all skills.
You have very sharp teeth.
Your uncanny sense of smell can sniff out nearby items.


Message History

The deep troll earth mage claws you but does no damage. x2
The vampire knight hits you with a great mace!!
* * * LOW HITPOINT WARNING * * *
The vampire knight bites you but does no damage.
The ice dragon bites you.
* * * LOW HITPOINT WARNING * * *
The ice dragon claws you.
* * * LOW HITPOINT WARNING * * *
The ice dragon tramples you but does no damage.
The deep troll bites you but does no damage.
The deep troll claws you but does no damage. x2
The fire dragon bites you but does no damage.
The fire dragon claws you but does no damage.
The fire dragon tramples you but does no damage.
The ettin hits you with a dire flail.
* * * LOW HITPOINT WARNING * * *
The ettin hits you with a dire flail!
* * * LOW HITPOINT WARNING * * *
The deep troll earth mage bites you!
You die...

## ..........
#.######..........
#.....#...........
......#.....$.....
<......!..........
.......T..........
......DTD.........
.....TT8V.........
.....TTTC.........
....≈≈§≈........##
......≈........##
............$.##
..............#
.............##
#............#
.........##


You could see a fire dragon, an ice dragon, a vampire knight (invisible), an
ettin, 5 deep trolls and 2 deep troll earth magi.

Vanquished Creatures
  Mara (Shoals:3)
  3 juggernauts (Depths:3)
  Mennas (Vaults:2)
  2 ancient liches
  2 caustic shrikes (Depths:3)
  Saint Roka (Vaults:2)
  2 golden dragons (Depths:3)
  A Brimstone Fiend (Depths:1)
  Jorgrun (Vaults:2)
  An Ice Fiend (Depths:1)
  3 liches
  Rupert (Lair:3)
  2 large abominations (Depths:2)
  4 titans
  Polyphemus (Shoals:2)
  A quicksilver dragon (Depths:3)
  A kraken (Shoals:1)
  3 sphinxes
  10 nagarajas
  A revenant (Vaults:2)
  Ilsuiw (Shoals:4)
  5 storm dragons
  2 shadow dragons
  4 tengu reavers
  Agnes (D:14)
  6 fire giants
  2 iron dragons
  8 frost giants
  Louise (Shoals:4)
  An orc warlord (Orc:2)
  2 deep elf sorcerers
  13 vault wardens
  2 curse skulls (Vaults:2)
  2 balrugs (Depths:1)
  21 stone giants
  14 ironheart preservers
  2 war gargoyles (Depths:4)
  A spriggan defender (Depths:1)
  A reaper (IceCv)
  The ghost of tilp the Frost Mage, a journeyman MfIE of Makhleb (D:12)
  24 very ugly things
  2 entropy weavers
  4 vampire knights
  6 spark wasps
  5 deep elf demonologists
  A red draconian (Volcano)
  A minotaur (Lab)
  10 ettins
  2 blizzard demons (Depths:1)
  9 fire dragons
  7 merfolk javelineers
  2 crystal guardians (Depths:4)
  14 merfolk impalers
  2 deep elf death magi
  11 yaktaur captains
  2 great orbs of eyes
  A deep elf high priest (Depths:2)
  10 ice dragons
  16 ogre magi
  11 naga warriors
  3 rakshasas
  14 vault guards
  4 hydras (D:15)
  2 catoblepae
  47 two-headed ogres
  5 spriggan air magi (Depths:3)
  13 centaur warriors
  4 merfolk aquamancers (Shoals:4)
  A hell beast (Depths:1)
  A death knight (Vaults:2)
  6 alligator snapping turtles
  A satyr (Shoals:3)
  7 dancing weapons
  4 anacondas
  11 death yaks
  5 merfolk avatars
  2 alligators (Shoals:1)
  8 tengu warriors
  6 spriggan berserkers
  19 naga sharpshooters
  7 deep troll earth magi
  8 deep troll shamans
  A queen ant (Lair:4)
  4 shock serpents
  3 shadow wraiths
  2 soul eaters
  Nergalle (D:12)
  4 deep elf knights
  6 sun demons (Depths:1)
  An iron troll (Depths:1)
  A fire crab (shapeshifter) (D:15)
  A salamander mystic (Snake:3)
  A glowing orange brain (Depths:1)
  5 unseen horrors
  11 skeletal warriors
  6 wizards
  2 flayed ghosts
  22 sea snakes
  5 naga ritualists
  18 deep trolls
  A swamp dragon (shapeshifter) (D:15)
  13 orc knights
  Pikel (D:8)
  An orange crystal statue (Depths:3)
  11 deep elf archers
  45 harpies
  19 deep elf magi
  22 ironbrand convokers
  A phantasmal warrior (Vaults:1)
  The ghost of nikopol the Thaumaturge, a novice DEFE of Vehumet (D:8)
  An orb spider (shapeshifter) (Vaults:3)
  3 wolf spiders
  8 mana vipers
  6 orc sorcerers
  A wolf spider zombie (D:15)
  An oklob plant (Lair:4)
  13 manticores
  35 ugly things
  A salamander (shapeshifter) (Vaults:2)
  14 cyclopes
  5 salamanders
  34 black mambas
  2 guardian serpents
  10 merfolk sirens
  4 centaur zombies
  2 ice statues (IceCv)
  2 black mambas (shapeshifter)
  3 water nymphs
  6 elephants
  2 molten gargoyles (Volcano)
  A smoke demon (Depths:3)
  19 vault sentinels
  32 naga magi
  6 gargoyles
  A yaktaur (shapeshifter) (D:13)
  7 spiny frogs
  A spriggan skeleton (Depths:3)
  7 komodo dragons
  7 rime drakes
  8 freezing wraiths
  29 merfolk
  12 ice devils
  72 yaktaurs
  A red devil (Depths:1)
  4 tengu conjurers
  A harpy zombie (D:14)
  A tengu simulacrum (Vaults:1)
  A queen bee (Lair:3)
  A hornet (shapeshifter) (Depths:2)
  3 wind drakes (Shoals:4)
  7 trolls
  A polar bear (Lair:6)
  33 slime creatures
  12 hornets
  11 snapping turtles
  A meliai zombie (D:13)
  3 dream sheep
  27 blink frogs
  14 hippogriffs
  4 wraiths
  2 yaks (shapeshifter)
  15 spriggans
  3 air elementals (Depths:4)
  A fire bat (Volcano)
  Eustachio (D:6)
  14 wyverns
  A human (D:7)
  A vampire (D:15)
  7 basilisks
  A basilisk (shapeshifter) (Vaults:2)
  A golden eye (shapeshifter) (Vaults:1)
  9 water elementals
  31 yaks
  7 vampire mosquitoes
  3 hogs (D:7)
  5 hungry ghosts
  A steam dragon (D:6)
  A chaos spawn (Depths:3)
  3 human simulacra
  56 nagas
  6 wargs
  A harpy simulacrum (D:15)
  3 acid dragons
  5 soldier ants
  23 water moccasins
  9 porcupines
  8 ice beasts
  38 orc warriors
  An eye of draining (D:13)
  A floating eye (Depths:2)
  8 black bears
  4 sky beasts
  A meliai simulacrum (D:15)
  An ice beast (shapeshifter) (Depths:2)
  A necrophage (D:10)
  A phantom (D:9)
  33 boggarts
  26 wolves
  45 ogres
  23 centaurs
  6 crocodiles
  2 big kobolds
  2 earth elementals (Depths:4)
  17 bullfrogs
  4 scorpions
  A wyvern skeleton (D:6)
  30 killer bees
  6 wights
  3 electric eels
  2 bullfrog zombies
  4 lava snakes (Volcano)
  4 crimson imps
  3 hounds
  4 jellies
  26 orc priests
  31 orc wizards
  2 bullfrog skeletons
  5 centaur skeletons
  An iguana (D:6)
  13 worker ants
  Natasha (thrice) (D:2)
  2 hound zombies
  A hound skeleton (D:6)
  A worker ant zombie (D:6)
  5 gnolls
  16 adders
  6 shadow imps
  7 white imps
  3 ufetubi
  3 oozes
  An adder zombie (D:5)
  2 adder skeletons
  3 worms
  5 dart slugs
  4 leopard geckos
  98 orcs
  7 ball pythons
  4 giant cockroaches
  4 goblins
  7 hobgoblins
  30 jackals
  7 quokkas
  13 bats
  6 frilled lizards
  22 kobolds
  A leopard gecko zombie (D:5)
  10 rats
  2 tentacles (Shoals:1)
1979 creatures vanquished.

Vanquished Creatures (collateral kills)
  Nikola (Shoals:2)
  An entropy weaver (Lair:4)
  A merfolk javelineer (Shoals:4)
  A merfolk impaler (Shoals:4)
  An ettin (Depths:3)
  5 hydras
  A naga warrior (Snake:4)
  A merfolk avatar (Shoals:4)
  A two-headed ogre (Volcano)
  2 oklob plants (Lair:5)
  A manticore (Shoals:2)
  A merfolk siren (Shoals:4)
  A naga mage (Snake:4)
  A rust devil (Depths:3)
  A hellion (Depths:3)
  2 ice devils (IceCv)
  A red devil (Depths:3)
  A merfolk (Shoals:2)
  A troll (D:13)
  A blink frog (Lair:3)
  A spriggan (Lair:6)
  A water elemental (Shoals:2)
  A vampire (D:11)
  9 yaks
  A wyvern (D:12)
  3 vampire mosquitoes (D:13)
  A basilisk (Lair:2)
  A soldier ant (Lair:4)
  3 nagas (Snake:4)
  An orc warrior (D:12)
  An eye of draining (D:13)
  An ice beast (D:12)
  A boggart (Depths:3)
  A bullfrog (Lair:2)
  A gnoll sergeant (D:13)
  5 killer bees (Lair:3)
  2 electric eels (Lair:3)
  A crimson imp (Depths:3)
  A lava snake (Volcano)
  A centaur zombie (D:12)
  A hound (D:12)
  An orc priest (D:12)
  An orc wizard (D:12)
  3 worker ants (Lair:4)
  4 gnolls (D:13)
  A shadow imp (D:13)
  5 white imps
  4 ufetubi (IceCv)
  5 orcs (D:12)
88 creatures vanquished.

Vanquished Creatures (others)
  A naga warrior (Snake:4)
  A two-headed ogre (D:15)
  A deep elf knight (D:13)
  A wizard (Vaults:2)
  A necromancer (Depths:3)
  A salamander (Snake:3)
  A yaktaur (Vaults:4)
  A water elemental (Depths:3)
  A naga (Snake:2)
  2 orc warriors (Orc:2)
  3 slaves (D:8)
  An ogre (Vaults:2)
  A boggart (D:15)
  A bullfrog (D:8)
  A wight (D:8)
  2 orc wizards
  A worker ant (D:8)
  2 adders
  A white imp (IceCv)
  4 ufetubi (IceCv)
  3 orcs (D:8)
  A leopard gecko skeleton (D:6)
  A bush (Lair:4)
  A crawling corpse (Depths:2)
  36 fungi
  74 plants
  14 tentacles (Shoals:1)
158 creatures vanquished.

Grand Total: 2225 creatures vanquished

Notes
Turn   | Place    | Note
-------+----------+-------------------------------------------
     0 | D:1      | grindst0ne the Gnoll Transmuter began the quest for the Orb.
     0 | D:1      | Reached XP level 1. HP: 17/17 MP: 6/6
    98 | D:1      | Reached XP level 2. HP: 16/23 MP: 7/7
   595 | D:1      | Reached XP level 3. HP: 26/28 MP: 9/9
   628 | D:1      | Reached skill level 5 in Spellcasting
   785 | D:1      | Reached skill level 1 in Invocations
  1075 | D:2      | Found a hazy altar of Hepliaklqana.
  1094 | D:2      | Learned a level 2 spell: Sticks to Snakes
  1098 | D:2      | Learned a level 3 spell: Spider Form
  1131 | D:2      | Found an iron altar of Okawaru.
  1135 | D:2      | Found a burning altar of Makhleb.
  1135 | D:2      | Found an opulent altar of Gozag.
  1136 | D:2      | Noticed Natasha
  1140 | D:2      | Reached skill level 1 in Short Blades
  1140 | D:2      | Reached skill level 1 in Long Blades
  1140 | D:2      | Reached skill level 1 in Axes
  1140 | D:2      | Reached skill level 1 in Maces & Flails
  1140 | D:2      | Reached skill level 1 in Polearms
  1140 | D:2      | Reached skill level 1 in Staves
  1140 | D:2      | Reached skill level 1 in Slings
  1140 | D:2      | Reached skill level 1 in Bows
  1140 | D:2      | Reached skill level 1 in Crossbows
  1140 | D:2      | Reached skill level 1 in Throwing
  1140 | D:2      | Reached skill level 1 in Armour
  1140 | D:2      | Reached skill level 1 in Stealth
  1140 | D:2      | Reached skill level 1 in Shields
  1140 | D:2      | Reached skill level 1 in Evocations
  1146 | D:2      | Killed Natasha
  1146 | D:2      | Reached XP level 4. HP: 22/34 MP: 8/11
  1177 | D:2      | Noticed Natasha
  1217 | D:2      | Reached skill level 1 in Conjurations
  1217 | D:2      | Reached skill level 1 in Hexes
  1217 | D:2      | Reached skill level 1 in Charms
  1217 | D:2      | Reached skill level 1 in Summonings
  1217 | D:2      | Reached skill level 1 in Necromancy
  1217 | D:2      | Reached skill level 1 in Translocations
  1217 | D:2      | Reached skill level 1 in Fire Magic
  1217 | D:2      | Reached skill level 1 in Ice Magic
  1217 | D:2      | Reached skill level 1 in Air Magic
  1217 | D:2      | Reached skill level 1 in Earth Magic
  1217 | D:2      | Reached skill level 1 in Poison Magic
  1233 | D:2      | Killed Natasha
  1233 | D:2      | Reached XP level 5. HP: 35/40 MP: 6/12
  1376 | D:2      | Noticed Natasha
  1387 | D:2      | Killed Natasha
  2002 | D:4      | Reached XP level 6. HP: 32/47 MP: 9/13
  2306 | D:4      | Found a staircase to the Ecumenical Temple.
  2368 | D:4      | Found Rycasos's Antique Armour Emporium.
  2426 | Temple   | Entered the Ecumenical Temple
  2432 | Temple   | Became a worshipper of Cheibriados the Contemplative
  2503 | D:4      | Reached skill level 5 in Dodging
  2786 | D:5      | Entered Level 5 of the Dungeon
  2811 | D:5      | Reached * piety under Cheibriados
  2842 | D:5      | Noticed an ice beast
  2856 | D:5      | Killed an ice beast
  2856 | D:5      | Reached XP level 7. HP: 33/52 MP: 4/15
  3433 | D:6      | Reached ** piety under Cheibriados
  3433 | D:6      | Reached XP level 8. HP: 34/60 MP: 15/16
  3591 | D:6      | Found a transporter.
  3645 | D:6      | Found a deep blue altar of Sif Muna.
  3654 | D:6      | Found a transporter.
  3691 | D:6      | Noticed Eustachio
  3715 | D:6      | Killed Eustachio
  3737 | D:6      | Learned a level 5 spell: Blade Hands
  4188 | D:6      | Reached skill level 5 in Transmutations
  4188 | D:6      | Reached XP level 9. HP: 49/66 MP: 18/18
  4525 | D:7      | Reached *** piety under Cheibriados
  4571 | D:7      | Reached skill level 5 in Fighting
  4872 | D:7      | Reached skill level 5 in Invocations
  4920 | D:7      | Reached XP level 10. HP: 62/74 MP: 14/20
  4925 | D:7      | Reached **** piety under Cheibriados
  5471 | D:8      | Noticed nikopol's ghost (novice DEFE)
  5475 | D:8      | Killed nikopol's ghost
  5475 | D:8      | Reached skill level 5 in Short Blades
  5475 | D:8      | Reached skill level 5 in Long Blades
  5475 | D:8      | Reached skill level 5 in Axes
  5475 | D:8      | Reached skill level 5 in Maces & Flails
  5475 | D:8      | Reached skill level 5 in Polearms
  5475 | D:8      | Reached skill level 5 in Staves
  5475 | D:8      | Reached skill level 5 in Slings
  5475 | D:8      | Reached skill level 5 in Bows
  5475 | D:8      | Reached skill level 5 in Crossbows
  5475 | D:8      | Reached skill level 5 in Throwing
  5475 | D:8      | Reached skill level 5 in Armour
  5475 | D:8      | Reached skill level 5 in Stealth
  5475 | D:8      | Reached skill level 5 in Shields
  5475 | D:8      | Reached skill level 5 in Evocations
  5546 | D:8      | Noticed Pikel
  5563 | D:8      | Killed Pikel
  5840 | D:8      | Found a white marble altar of Elyvilon.
  6012 | D:8      | Learned a level 3 spell: Ozocubu's Armour
  6061 | D:8      | Reached ***** piety under Cheibriados
  6271 | D:8      | Got a smelly plate armour
  6282 | D:8      | Identified the cursed +0 plate armour of Heoleill {*Slow Regen+ SInv} (You found it on level 8 of the Dungeon)
  6399 | D:9      | Learned a level 4 spell: Summon Ice Beast
  6905 | D:9      | Found Kigetek's Jewellery Emporium.
  7373 | D:10     | Entered Level 10 of the Dungeon
  7436 | D:10     | Noticed a death yak
  7436 | D:10     | Noticed a death yak
  7540 | D:10     | Reached XP level 11. HP: 82/82 MP: 20/22
  7545 | D:10     | Found an ancient bone altar of Kikubaaqudgha.
  7715 | D:10     | Noticed a death yak
  7774 | D:10     | Learned a level 4 spell: Summon Lightning Spire
  7811 | D:10     | Found a staircase to the Orcish Mines.
  8225 | D:10     | Found a staircase to the Lair.
  8226 | D:10     | Noticed a death yak
  8227 | D:10     | Noticed a death yak
  8227 | D:10     | Noticed a death yak
  8227 | D:10     | Noticed a death yak
  8535 | D:10     | Killed a death yak
  8549 | D:10     | Killed a death yak
  8549 | D:10     | Reached skill level 5 in Conjurations
  8549 | D:10     | Reached skill level 5 in Hexes
  8549 | D:10     | Reached skill level 5 in Charms
  8549 | D:10     | Reached skill level 5 in Summonings
  8549 | D:10     | Reached skill level 5 in Necromancy
  8549 | D:10     | Reached skill level 5 in Translocations
  8549 | D:10     | Reached skill level 5 in Fire Magic
  8549 | D:10     | Reached skill level 5 in Ice Magic
  8549 | D:10     | Reached skill level 5 in Air Magic
  8549 | D:10     | Reached skill level 5 in Earth Magic
  8549 | D:10     | Reached skill level 5 in Poison Magic
  8554 | D:10     | Killed a death yak
  8557 | D:10     | Killed a death yak
  8557 | D:10     | Killed a death yak
  8558 | D:10     | Killed a death yak
  8558 | D:10     | Killed a death yak
  9038 | D:11     | Noticed a manticore
  9052 | D:11     | Killed a manticore
  9373 | D:11     | Noticed a two-headed ogre
  9384 | D:11     | Killed a two-headed ogre
  9384 | D:11     | Reached XP level 12. HP: 91/91 MP: 22/24
  9713 | D:12     | Noticed tilp's ghost (journeyman MfIE)
 10025 | Lair:1   | Entered Level 1 of the Lair of Beasts
 10294 | Lair:1   | Found a dark tunnel.
 10299 | Volcano  | Entered a volcano
 10421 | Volcano  | Found a burning altar of Makhleb.
 10421 | Volcano  | Noticed a two-headed ogre
 10421 | Volcano  | Noticed an ogre mage
 10421 | Volcano  | Noticed a two-headed ogre
 10421 | Volcano  | Noticed a two-headed ogre
 10423 | Volcano  | Killed a two-headed ogre
 10426 | Volcano  | Killed a two-headed ogre
 10428 | Volcano  | Killed a two-headed ogre
 10432 | Volcano  | Killed an ogre mage
 10545 | Volcano  | Noticed a red draconian
 10553 | Volcano  | Killed a red draconian
 10566 | Volcano  | Reached skill level 10 in Unarmed Combat
 10583 | Volcano  | Got a scorched chain mail
 10619 | Volcano  | Noticed a two-headed ogre
 10623 | Volcano  | Killed a two-headed ogre
 11061 | Lair:1   | Reached XP level 13. HP: 98/98 MP: 18/26
 11356 | Lair:2   | Reached ****** piety under Cheibriados
 11368 | Lair:2   | Found a staircase to the Shoals.
 11394 | Lair:2   | Found a labyrinth entrance.
 11403 | Lab      | Entered a labyrinth
 11464 | Lab      | Learned a level 2 spell: Blink
 11468 | Lab      | Learned a level 3 spell: Mephitic Cloud
 11633 | Lab      | Noticed a minotaur
 11638 | Lab      | Killed a minotaur
 11641 | Lab      | Got a silken robe
 11656 | Lab      | Identified the +1 chain mail of Chill Winds {rC+ Int+4} (You found it in a volcano)
 11666 | Lab      | Identified the +1 robe of the Untouchables {Str+5 Int+2} (You found it in a labyrinth)
 11815 | Lair:2   | Found a staircase to the Snake Pit.
 13312 | Lair:3   | Noticed Rupert
 13315 | Lair:3   | Paralysed by Rupert for 5 turns
 13512 | Lair:3   | Killed Rupert
 14061 | Lair:3   | Identified a scroll of acquirement
 14064 | Lair:3   | Got a vibrating ivory amulet
 14066 | Lair:3   | Identified the amulet of Ru's Pride {Regen+ Slay+3} (You acquired it on level 3 of the Lair of Beasts)
 14982 | Lair:4   | Noticed an entropy weaver
 14992 | Lair:4   | Killed an entropy weaver
 14992 | Lair:4   | Reached skill level 10 in Spellcasting
 15016 | Lair:4   | Noticed an entropy weaver
 15118 | Lair:4   | Killed an entropy weaver
 15118 | Lair:4   | Reached XP level 14. HP: 49/108 MP: 7/28
 15735 | Lair:4   | Reached skill level 10 in Dodging
 16215 | Lair:5   | Found a frozen archway.
 16246 | Lair:5   | Learned a level 4 spell: Ice Form
 16247 | IceCv    | Entered an ice cave
 16330 | IceCv    | Got a pair of distressingly furry gloves
 16339 | IceCv    | Identified the +1 pair of gloves of Dishonesty {rPois rCorr Str-5 Int+6} (You found it in an ice cave)
 16540 | IceCv    | Noticed a reaper
 16574 | IceCv    | Killed a reaper
 17096 | Lair:5   | Found a staircase to the Slime Pits.
 17292 | Lair:6   | Entered Level 6 of the Lair of Beasts
 17530 | Lair:6   | Reached skill level 10 in Invocations
 18187 | Lair:6   | Identified the Volume of Success
 18629 | D:12     | Killed tilp's ghost
 18719 | D:12     | Reached XP level 15. HP: 115/115 MP: 21/29
 19052 | D:12     | Noticed Nergalle
 19058 | D:12     | Killed Nergalle
 19058 | D:12     | Reached skill level 10 in Fighting
 19092 | D:12     | Learned a level 6 spell: Statue Form
 20394 | D:13     | Found a gate to the Vaults.
 20404 | D:13     | Reached skill level 10 in Short Blades
 20404 | D:13     | Reached skill level 10 in Long Blades
 20404 | D:13     | Reached skill level 10 in Axes
 20404 | D:13     | Reached skill level 10 in Maces & Flails
 20404 | D:13     | Reached skill level 10 in Polearms
 20404 | D:13     | Reached skill level 10 in Staves
 20404 | D:13     | Reached skill level 10 in Slings
 20404 | D:13     | Reached skill level 10 in Bows
 20404 | D:13     | Reached skill level 10 in Crossbows
 20404 | D:13     | Reached skill level 10 in Throwing
 20404 | D:13     | Reached skill level 10 in Armour
 20404 | D:13     | Reached skill level 10 in Stealth
 20404 | D:13     | Reached skill level 10 in Shields
 20404 | D:13     | Reached skill level 10 in Evocations
 20894 | D:14     | Noticed Agnes
 20905 | D:14     | Killed Agnes
 21019 | D:14     | Found a shattered altar of Ashenzari.
 21492 | D:15     | Entered Level 15 of the Dungeon
 21633 | D:15     | Identified the ring "Goamil" {*Contam rElec Dex+2 SInv} (You acquired it on level 15 of the Dungeon)
 21730 | D:15     | Reached XP level 16. HP: 124/124 MP: 27/31
 22261 | D:15     | Found a staircase to the Depths.
 22784 | Orc:1    | Entered Level 1 of the Orcish Mines
 23187 | Orc:2    | Entered Level 2 of the Orcish Mines
 23392 | Orc:2    | Reached skill level 10 in Transmutations
 23615 | Orc:2    | Found a staircase to the Elven Halls.
 23676 | Orc:2    | Found Vunos's Assorted Antiques.
 23676 | Orc:2    | Found Cozxeq's Food Emporium.
 23677 | Orc:2    | Found Vickam's Armour Emporium.
 23677 | Orc:2    | Found Ameimimm's Weapon Shop.
 24111 | Snake:1  | Entered Level 1 of the Snake Pit
 24364 | Snake:1  | Reached XP level 17. HP: 131/131 MP: 33/33
 25130 | Snake:3  | Found Gmuimal's Goods Gallery.
 25679 | Snake:4  | Entered Level 4 of the Snake Pit
 25926 | Snake:4  | Reached skill level 10 in Conjurations
 25926 | Snake:4  | Reached skill level 10 in Hexes
 25926 | Snake:4  | Reached skill level 10 in Charms
 25926 | Snake:4  | Reached skill level 10 in Summonings
 25926 | Snake:4  | Reached skill level 10 in Necromancy
 25926 | Snake:4  | Reached skill level 10 in Translocations
 25926 | Snake:4  | Reached skill level 10 in Fire Magic
 25926 | Snake:4  | Reached skill level 10 in Ice Magic
 25926 | Snake:4  | Reached skill level 10 in Air Magic
 25926 | Snake:4  | Reached skill level 10 in Earth Magic
 25926 | Snake:4  | Reached skill level 10 in Poison Magic
 25976 | Snake:4  | Reached XP level 18. HP: 136/140 MP: 32/34
 26244 | Snake:4  | Learned a level 5 spell: Irradiate
 26646 | Snake:4  | Got a serpentine rune of Zot
 27166 | Shoals:1 | Entered Level 1 of the Shoals
 27562 | Shoals:1 | Found Qonli's Magic Scroll Boutique.
 27598 | Shoals:1 | Bought a scroll of teleportation for 42 gold pieces
 27598 | Shoals:1 | Bought a scroll of vulnerability for 105 gold pieces
 27598 | Shoals:1 | Bought a scroll of immolation for 49 gold pieces
 27598 | Shoals:1 | Bought a scroll of fear for 49 gold pieces
 28007 | Shoals:2 | Noticed Nikola
 28016 | Shoals:2 | Killed Nikola
 28195 | Shoals:2 | Noticed Polyphemus
 28200 | Shoals:2 | Reached XP level 19. HP: 136/147 MP: 30/36
 28234 | Shoals:2 | Killed Polyphemus
 28938 | Shoals:3 | Noticed Mara
 28941 | Shoals:3 | Noticed grindst0ne's illusion
 28967 | Shoals:3 | Killed Mara
 29416 | Shoals:4 | Entered Level 4 of the Shoals
 29501 | Shoals:4 | Noticed Ilsuiw
 29532 | Shoals:4 | Killed Ilsuiw
 29624 | Shoals:4 | Got a barnacled rune of Zot
 29646 | Shoals:4 | Noticed Louise
 29662 | Shoals:4 | Killed Louise
 30048 | Shoals:4 | Learned a level 3 spell: Lesser Beckoning
 30536 | Vaults:1 | Entered Level 1 of the Vaults
 30597 | Vaults:1 | Found a flickering gateway to a bazaar.
 30605 | Bazaar   | Entered a bazaar
 30607 | Bazaar   | Found Kaynuqex's Gadget Boutique.
 30611 | Bazaar   | Found Ciulic's Food Boutique.
 30611 | Bazaar   | Found Woqa's Assorted Antiques.
 30612 | Bazaar   | Found Wuocyesh's Food Boutique.
 30645 | Bazaar   | Bought a scroll of blinking for 180 gold pieces
 30650 | Bazaar   | Bought a wand of digging (14) for 540 gold pieces
 30667 | Vaults:1 | Reached XP level 20. HP: 156/156 MP: 31/37
 31959 | Vaults:2 | Found a flickering gateway to a bazaar.
 32083 | Vaults:2 | Found Gattis's Distillery.
 32124 | Vaults:2 | Found a staircase to the Crypt.
 32136 | Vaults:2 | Found Ymel's Antique Armour Emporium.
 32158 | Vaults:2 | Noticed Mennas
 32168 | Vaults:2 | Killed Mennas
 32173 | Vaults:2 | Found Leweupon's Distillery.
 32180 | Vaults:2 | Reached XP level 21. HP: 164/164 MP: 39/39
 32471 | Vaults:2 | Bought a potion of invisibility for 184 gold pieces
 32471 | Vaults:2 | Bought a potion of heal wounds for 115 gold pieces
 32471 | Vaults:2 | Bought a potion of agility for 92 gold pieces
 32471 | Vaults:2 | Bought a potion of curing for 69 gold pieces
 32471 | Vaults:2 | Bought a potion of curing for 69 gold pieces
 32561 | Vaults:2 | Noticed Saint Roka
 32572 | Vaults:2 | Killed Saint Roka
 32977 | Vaults:2 | Noticed Jorgrun
 32995 | Vaults:2 | Killed Jorgrun
 32995 | Vaults:2 | Reached skill level 15 in Unarmed Combat
 33720 | Vaults:3 | Reached skill level 15 in Invocations
 34574 | Vaults:3 | Reached XP level 22. HP: 172/172 MP: 36/40
 35138 | Vaults:4 | Reached skill level 15 in Spellcasting
 35392 | Vaults:4 | Reached skill level 15 in Dodging
 37323 | Depths:1 | Entered Level 1 of the Depths
 37450 | Depths:1 | Found a gateway to Hell.
 37625 | Depths:1 | Reached XP level 23. HP: 123/180 MP: 42/42
 37907 | Depths:1 | Reached skill level 15 in Fighting
 38043 | Depths:1 | Found a stormy altar of Qazlal.
 38183 | Depths:1 | Found a runed gate.
 38183 | Depths:1 | Found a runed gate.
 38183 | Depths:1 | Found a runed gate.
 38183 | Depths:1 | Found a runed gate.
 38183 | Depths:1 | Found a runed gate.
 38183 | Depths:1 | Found a runed gate.
 38184 | Depths:1 | Found the +2 Maxwell's thermic engine {flame, freeze, rF- rC-}
 38875 | Depths:2 | Reached skill level 15 in Short Blades
 38875 | Depths:2 | Reached skill level 15 in Long Blades
 38875 | Depths:2 | Reached skill level 15 in Axes
 38875 | Depths:2 | Reached skill level 15 in Maces & Flails
 38875 | Depths:2 | Reached skill level 15 in Polearms
 38875 | Depths:2 | Reached skill level 15 in Staves
 38875 | Depths:2 | Reached skill level 15 in Slings
 38875 | Depths:2 | Reached skill level 15 in Bows
 38875 | Depths:2 | Reached skill level 15 in Crossbows
 38875 | Depths:2 | Reached skill level 15 in Throwing
 38875 | Depths:2 | Reached skill level 15 in Armour
 38875 | Depths:2 | Reached skill level 15 in Stealth
 38875 | Depths:2 | Reached skill level 15 in Shields
 38875 | Depths:2 | Reached skill level 15 in Evocations
 39115 | Depths:2 | Identified the Collected Works on Aerial Conjuration
 39290 | Depths:2 | Found a gateway to a ziggurat.
 39674 | Depths:2 | Paralysed by a floating eye for 4 turns
 39985 | Depths:2 | Paralysed by a vampire knight for 7 turns
 39993 | Depths:2 | Reached XP level 24. HP: 184/189 MP: 41/42
 40124 | Depths:3 | Noticed an ancient lich
 40130 | Depths:3 | Killed an ancient lich
 40173 | Depths:3 | Identified the +2 robe of Experimentation {-Cast rC+++ Regen+ Int+6} (You found it on level 3 of the Depths)
 40221 | Depths:3 | Identified the Incunabulum of Necromancy
 40230 | Depths:3 | Learned a level 6 spell: Death Channel
 40318 | Depths:3 | Found a one-way gate leading to the halls of Pandemonium.
 40469 | Depths:3 | Identified the amulet of Tecs {Harm *Drain Str+7 Dex-2} (You acquired it on level 3 of the Depths)
 40667 | Depths:3 | Paralysed by a sphinx for 5 turns
 41051 | Depths:3 | Found a one-way gate to the infinite horrors of the Abyss.
 41597 | Depths:3 | Noticed a juggernaut
 41685 | Depths:3 | Noticed a juggernaut
 41686 | Depths:3 | Noticed a caustic shrike
 41690 | Depths:3 | Killed a caustic shrike
 41694 | Depths:3 | Noticed a juggernaut
 41696 | Depths:3 | Killed a juggernaut
 41700 | Depths:3 | Killed a juggernaut
 41701 | Depths:3 | Killed a juggernaut
 41706 | Depths:3 | Reached XP level 25. HP: 75/197 MP: 29/43
 41906 | Depths:3 | Found the +3 Elemental Staff {rElec rF++ rC++ MR++ AC+5}
 41996 | Depths:3 | Noticed a juggernaut
 42051 | Depths:4 | Found a portal to a secret trove of treasure.
 42838 | Depths:4 | Noticed an ancient lich
 42846 | Depths:4 | Killed an ancient lich
 42882 | Depths:5 | Entered Level 5 of the Depths
 42894 | Depths:5 | Paralysed by a vampire knight for 5 turns
 42897 | Depths:5 | HP: 9/256 [ettin/dire flail (16)]
 42898 | Depths:5 | Mangled by a deep troll earth mage

Vault maps used:
D:1:      shiori_arrival_maze
D:2:      grunt_temple_overflow_open, first_ration, uniq_natasha
D:4:      temple_pool_b, serial_shops, shop, supply_closet_lemuel, st_stairs_8
D:6:      cheibrodos_barr_body, gammafunk_temple_overflow_arena, uniq_eustachio
D:7:      grunt_livestock, sword_in_stone
D:8:      lemuel_doored_altar, uniq_pikel
D:9:      serial_shops, nicolae_shop_window_shopping
D:10:     dpeg_lair_monsters, basic_altar
D:12:     uniq_nergalle
D:13:     grunt_vaults_entry_fortified
D:14:     evilmike_ruin_ashenzari, uniq_agnes
D:15:     hangedman_depths_entry_try_elsewhere_first, special_room, hex_tiny,
          minmay_bent
Temple:   eino_temple_rhombus
Lair:1:   nicolae_volcano_entry_s_turn, grunt_megastairs_4
Lair:2:   minmay_shoals_entry_centaurs, minmay_snake_entry_six_corridors,
          lab_entry_generic
Lair:3:   special_room, minivault_26, disabler_island,
          infiniplex_staircase_pool, lemuel_fruit_tree, serial_bayou_shore_a,
          uniq_rupert
Lair:4:   wad_woods_antlair, grunt_megastairs_3
Lair:5:   minmay_slime_entry_oklob_enclosed, portal_ice_cave_rime
Lair:6:   minmay_lair_end_enchanted_forest, st_stairs_6
Shoals:1: serial_shops, nicolae_shop_stone,
          nicolae_shoals_siren_and_animal_friends
Shoals:2: uniq_nikola, uniq_polyphemus
Shoals:3: uniq_mara
Shoals:4: shoals_end_simple, shoals_ilsuiw_alternative,
          nicolae_shoals_seven_spires, uniq_louise
Snake:1:  spider_trap
Snake:3:  grunt_ministairs_2, nicolae_alphabet_shops, spider_trap
Snake:4:  snake_pit, serial_bayou_lagoon_a, serial_bayou_lagoon_b
Orc:1:    mines_bat_river
Orc:2:    st_orc_ogre_mass
Vaults:1: vaults_room_fours, v_misc_26, v_alt_pattern_3, v_misc_11,
          hangedman_vaults_impose, v_alt_pattern_1, ontoclasm_vaults_gallery,
          nicolae_vaults_little_squares_5, ontoclasm_vaults_tryst, v_misc_31,
          v_alt_pattern_1, ontoclasm_vaults_spin, ontoclasm_vaults_pinch,
          serial_shops, bzr_entry_road
Vaults:2: minmay_crypt_entry_simple_sparse, v_pattern_5, vaults_room_door_hall,
          ontoclasm_vaults_misaligned, nicolae_vaults_windows_and_doors_thing,
          nicolae_vaults_asterisk, vaults_room_fours, hangedman_vaults_stream,
          v_misc_5, v_misc_8, v_alt_pattern_3, nicolae_vaults_little_squares_3,
          ontoclasm_vaults_ligature, vaults_room_hallway, st_quartered_hall,
          vaults_room_ringed_pool, serial_shops, bzr_entry_gold,
          nicolae_shop_temple_entry_statues_fountains, nicolae_shop_statue_plus,
          shop, uniq_saint_roka, uniq_mennas, uniq_jorgrun
Vaults:3: hangedman_vaults_locks, v_misc_3, nicolae_vaults_network_s,
          nicolae_vaults_network_square, nicolae_vaults_alarming,
          nicolae_vaults_little_squares_1, v_alt_pattern_1,
          dpeg_vaults_monster_box, ontoclasm_vaults_shuriken, vaults_dpeg_ring,
          v_misc_25, v_misc_8, vaults_room_fancy_cross
Vaults:4: v_misc_29, hangedman_vaults_river_flow, v_alt_pattern_4,
          hangedman_vaults_maws, vaults_room_door_ring, ontoclasm_vaults_eye
Depths:1: regret_index_qazlal_generations, grunt_mini_vestibule,
          serial_sigils_hangedman_clutch, brannock_guarded_unrand_thermic_engine
Depths:2: kennysheep_bubble_arena, enter_ziggurat_f, minmay_door_square,
          hell_entry, kennysheep_opposing_triangles
Depths:3: gammafunk_depths_water_palace, hell_entry, special_room,
          kennysheep_nondescript, abyss_entry, grunt_pan_entry_zigzag
Depths:4: constructs_gauntlet_mu_hangedman, hell_entry, enter_trove_1,
          abyss_entry, serial_shops, shop, grunt_megastairs_2,
          infiniplex_staircase_star
Depths:5: grunt_x_marks_the_spot, hell_entry, minmay_misc_feat_diagonals,
          minmay_shop_grove
Bazaar:   bazaar_minmay_cross
IceCv:    ice_cave_small_demon
Volcano:  volcano_lake

Skill      XL: |  1  2  3  4  5  6  7  8  9 10 11 12 13 14 15 16 17 18 19 20 21 22 23 24 25 |
---------------+----------------------------------------------------------------------------+-----
Spellcasting   | 5 6 7 8 9 10 11 12 13 14 15 16 | 16.6
Invocations    | 1 2 3 4 5 6 7 8 9 10 11 12 13 14 15 16 17 | 17.2
Short Blades   | 1 2 3 4 5 6 7 8 9 10 11 12 13 14 15 16 | 16.0
Long Blades    | 1 2 3 4 5 6 7 8 9 10 11 12 13 14 15 16 | 16.0
Axes           | 1 2 3 4 5 6 7 8 9 10 11 12 13 14 15 16 | 16.0
Maces & Flails | 1 2 3 4 5 6 7 8 9 10 11 12 13 14 15 16 | 16.0
Polearms       | 1 2 3 4 5 6 7 8 9 10 11 12 13 14 15 16 | 16.0
Staves         | 1 2 3 4 5 6 7 8 9 10 11 12 13 14 15 16 | 16.0
Slings         | 1 2 3 4 5 6 7 8 9 10 11 12 13 14 15 16 | 16.0
Bows           | 1 2 3 4 5 6 7 8 9 10 11 12 13 14 15 16 | 16.0
Crossbows      | 1 2 3 4 5 6 7 8 9 10 11 12 13 14 15 16 | 16.0
Throwing       | 1 2 3 4 5 6 7 8 9 10 11 12 13 14 15 16 | 16.0
Armour         | 1 2 3 4 5 6 7 8 9 10 11 12 13 14 15 16 | 16.0
Stealth        | 1 2 3 4 5 6 7 8 9 10 11 12 13 14 15 16 | 16.0
Shields        | 1 2 3 4 5 6 7 8 9 10 11 12 13 14 15 16 | 16.0
Evocations     | 1 2 3 4 5 6 7 8 9 10 11 12 13 14 15 16 | 16.0
Conjurations   | 1 2 3 4 5 6 7 8 9 10 11 12 13 | 13.8
Hexes          | 1 2 3 4 5 6 7 8 9 10 11 12 13 | 13.8
Charms         | 1 2 3 4 5 6 7 8 9 10 11 12 13 | 13.8
Summonings     | 1 2 3 4 5 6 7 8 9 10 11 12 13 | 13.8
Necromancy     | 1 2 3 4 5 6 7 8 9 10 11 12 13 | 13.8
Translocations | 1 2 3 4 5 6 7 8 9 10 11 12 13 | 13.8
Fire Magic     | 1 2 3 4 5 6 7 8 9 10 11 12 13 | 13.8
Ice Magic      | 1 2 3 4 5 6 7 8 9 10 11 12 13 | 13.8
Air Magic      | 1 2 3 4 5 6 7 8 9 10 11 12 13 | 13.8
Earth Magic    | 1 2 3 4 5 6 7 8 9 10 11 12 13 | 13.8
Poison Magic   | 1 2 3 4 5 6 7 8 9 10 11 12 13 | 13.8
Fighting       | 3 4 5 6 7 8 9 10 11 12 13 14 15 16 | 16.2
Transmutations | 4 5 6 7 8 9 10 11 12 13 14 | 14.2
Dodging        | 5 6 7 8 9 10 11 12 13 14 15 16 | 16.5
Unarmed Combat | 7 8 9 10 11 12 13 14 15 16 17 | 17.0

Action                   |  1- 3 |  4- 6 |  7- 9 | 10-12 | 13-15 | 16-18 | 19-21 | 22-24 | 25-27 || total
-------------------------+-------+-------+-------+-------+-------+-------+-------+-------+-------++-------
Melee: Unarmed           |    95 |   197 |   250 |   460 |   754 |   909 |  1023 |   954 |   169 ||  4811
       Bite              |     8 |     4 |     6 |    13 |   128 |   174 |   188 |   210 |    31 ||   762
       Punch             |     2 |     2 |       |     7 |    30 |       |       |       |       ||    41
       Kick              |     2 |     2 |       |       |       |       |       |       |       ||     4
       Headbutt          |       |       |     2 |       |     1 |       |       |       |       ||     3
       Staff             |       |       |       |     4 |    77 |       |       |       |       ||    81
 Cast: Beastly Appendage |     4 |     1 |     1 |       |     1 |       |       |       |       ||     7
       Spider Form       |     2 |    23 |    30 |    49 |       |       |       |       |       ||   104
       Summon Ice Beast  |       |       |       |    10 |    46 |     6 |     5 |     2 |     1 ||    70
       Summon Lightning  |       |       |       |     4 |    18 |     3 |     4 |     1 |     1 ||    31
       Ozocubu's Armour  |       |       |       |    16 |   108 |       |       |       |       ||   124
       Blade Hands       |       |       |       |    14 |    90 |       |       |       |       ||   104
       Mephitic Cloud    |       |       |       |       |     2 |       |       |       |       ||     2
       Ice Form          |       |       |       |       |     4 |       |       |       |       ||     4
       Blink             |       |       |       |       |     1 |       |       |       |       ||     1
       Statue Form       |       |       |       |       |    19 |    73 |    74 |    68 |    14 ||   248
       Irradiate         |       |       |       |       |       |     1 |     2 |     4 |       ||     7
       Death Channel     |       |       |       |       |       |       |       |     2 |       ||     2
Invok: Slouch            |       |       |       |     6 |     1 |    11 |    10 |    17 |     1 ||    46
 Abil: End Transformatio |       |       |       |       |     2 |       |     1 |       |       ||     3
Evoke: Wand              |       |       |       |     6 |     3 |     4 |     3 |     2 |     1 ||    19
  Use: Scroll            |       |     5 |     4 |    10 |    19 |     5 |     5 |     6 |       ||    54
       Potion            |       |       |     3 |     1 |     4 |     3 |     3 |       |     3 ||    17
 Stab: Sleeping          |     3 |     1 |     9 |     9 |    16 |     6 |    14 |     5 |       ||    63
       Distracted        |       |       |       |     5 |     7 |     4 |     3 |     3 |       ||    22
       Confused          |       |       |       |       |     1 |       |       |     1 |       ||     2
       Petrified         |       |       |       |       |     1 |       |     1 |       |       ||     2
       Petrifying        |       |       |       |       |     1 |       |       |       |       ||     1
       Paralysed         |       |       |       |       |       |       |       |     2 |       ||     2
  Eat: Chunk             |     1 |     7 |     5 |     8 |    22 |    13 |    21 |    18 |     3 ||    98
       Ration            |       |       |       |     2 |     2 |     4 |     1 |     1 |       ||    10
Armor: Robe              |    16 |     6 |    13 |    10 |   174 |    20 |     7 |    10 |     2 ||   258
       Skin              |       |    12 |    19 |    42 |   111 |   583 |   506 |   468 |   142 ||  1883
       Leather armour    |       |       |       |     5 |       |       |       |       |       ||     5
Dodge: Dodged            |    78 |   253 |   284 |   767 |  1389 |  1915 |  2049 |  1782 |   388 ||  8905
Block: Buckler           |       |       |       |       |   209 |  1117 |  1271 |   994 |   228 ||  3819

Table legend:
 A = Spawn XP
 B = Non-spawn XP
 C = Spawn XP percentage of total XP
 D = Spawn monster count
 E = Non-spawn monster count
 F = Spawn count percentage of total count
 G = Total turns spent on level
                    A         B        C        D         E        F      G
               +---------+---------+-------+---------+---------+-------+---------
         Total |       0 | 1019793 |   0.0 |       0 |    2070 |   0.0 | 42898
               +---------+---------+-------+---------+---------+-------+---------
           D:1 |       0 |      66 |   0.0 |       0 |      30 |   0.0 |  1028
           D:2 |       0 |     159 |   0.0 |       0 |      24 |   0.0 |   498
           D:3 |       0 |      30 |   0.0 |       0 |      18 |   0.0 |   424
           D:4 |       0 |     213 |   0.0 |       0 |      25 |   0.0 |   823
           D:5 |       0 |     575 |   0.0 |       0 |      31 |   0.0 |   626
           D:6 |       0 |    1486 |   0.0 |       0 |      26 |   0.0 |   848
           D:7 |       0 |    2708 |   0.0 |       0 |      33 |   0.0 |   988
           D:8 |       0 |    2195 |   0.0 |       0 |      30 |   0.0 |  1067
           D:9 |       0 |    1292 |   0.0 |       0 |      29 |   0.0 |  1058
          D:10 |       0 |    7370 |   0.0 |       0 |      43 |   0.0 |  1691
          D:11 |       0 |    4084 |   0.0 |       0 |      22 |   0.0 |  1242
          D:12 |       0 |    8535 |   0.0 |       0 |      51 |   0.0 |   764
          D:13 |       0 |   19717 |   0.0 |       0 |      57 |   0.0 |  1736
          D:14 |       0 |   10976 |   0.0 |       0 |      27 |   0.0 |   744
          D:15 |       0 |   25202 |   0.0 |       0 |      69 |   0.0 |  1260
        Lair:1 |       0 |    3776 |   0.0 |       0 |      17 |   0.0 |   914
        Lair:2 |       0 |    7752 |   0.0 |       0 |      45 |   0.0 |  1542
        Lair:3 |       0 |    6748 |   0.0 |       0 |      43 |   0.0 |  1543
        Lair:4 |       0 |   12456 |   0.0 |       0 |      49 |   0.0 |  1909
        Lair:5 |       0 |    3937 |   0.0 |       0 |      16 |   0.0 |   737
        Lair:6 |       0 |   15607 |   0.0 |       0 |      81 |   0.0 |  1188
      Shoals:1 |       0 |   20555 |   0.0 |       0 |      32 |   0.0 |   658
      Shoals:2 |       0 |   26280 |   0.0 |       0 |      38 |   0.0 |   845
      Shoals:3 |       0 |   21560 |   0.0 |       0 |      27 |   0.0 |   634
      Shoals:4 |       0 |   45700 |   0.0 |       0 |      74 |   0.0 |   884
       Snake:1 |       0 |   13452 |   0.0 |       0 |      27 |   0.0 |   541
       Snake:2 |       0 |   16689 |   0.0 |       0 |      30 |   0.0 |   593
       Snake:3 |       0 |   15237 |   0.0 |       0 |      30 |   0.0 |   686
       Snake:4 |       0 |   63667 |   0.0 |       0 |     115 |   0.0 |  1303
         Orc:1 |       0 |    2433 |   0.0 |       0 |      25 |   0.0 |   412
         Orc:2 |       0 |   24298 |   0.0 |       0 |     103 |   0.0 |   822
      Vaults:1 |       0 |   44619 |   0.0 |       0 |      83 |   0.0 |  1542
      Vaults:2 |       0 |  103019 |   0.0 |       0 |     152 |   0.0 |  1793
      Vaults:3 |       0 |   65599 |   0.0 |       0 |     100 |   0.0 |  1428
      Vaults:4 |       0 |   68575 |   0.0 |       0 |      98 |   0.0 |  1382
      Depths:1 |       0 |   90017 |   0.0 |       0 |      93 |   0.0 |  1541
      Depths:2 |       0 |   73001 |   0.0 |       0 |      80 |   0.0 |  1177
      Depths:3 |       0 |  145176 |   0.0 |       0 |     123 |   0.0 |  2224
      Depths:4 |       0 |   30613 |   0.0 |       0 |      30 |   0.0 |   617
      Depths:5 |       0 |    2473 |   0.0 |       0 |       3 |   0.0 |    16
           Lab |       0 |    1215 |   0.0 |       0 |       1 |   0.0 |   265
         IceCv |       0 |    3836 |   0.0 |       0 |      26 |   0.0 |   457
       Volcano |       0 |    6895 |   0.0 |       0 |      14 |   0.0 |   377
               +---------+---------+-------+---------+---------+-------+---------
